 Dungeon Crawl Stone Soup version 0.29-a0-43-g62a80824bf (webtiles) character file.

Game seed: 6583007521864735102

485 bande the Covered (level 7, -3/43 HPs)
             Began as a Gargoyle Fighter on Feb 2, 2022.
             Slain by an ogre (19 damage)
             ... on level 4 of the Dungeon.
             The game lasted 00:07:36 (3923 turns).

bande the Covered (Gargoyle Fighter)                Turns: 3923, Time: 00:07:37

Health: -3/43      AC: 17    Str: 20    XL:     7   Next: 13%
Magic:  7/7        EV:  7    Int:  8    God:
Gold:   110        SH:  6    Dex: 11    Spells: 6/6 levels left

rFire   . . .      SeeInvis .   l - +0 hand axe (elec)
rCold   . . .      Faith    .   i - +2 buckler
rNeg    + . .      Spirit   .   o - +0 chain mail
rPois   ∞          Reflect  .   (no helmet)
rElec   +          Harm     .   (no cloak)
rCorr   .          Rampage  .   p - +2 pair of gloves
Will    .....                   (no boots)
Stlth   ..........              g - amulet of regeneration
HPRegen 0.94/turn               (no ring)
MPRegen 0.10/turn               (no ring)

@: no status effects
A: sickness immunity, AC +4, negative energy resistance 1, electricity
resistance, torment resistance 1, petrification resistance
a: no special abilities


You were on level 4 of the Dungeon.
You visited 1 branch of the dungeon, and saw 5 of its levels.

You collected 110 gold pieces.

Inventory:

Hand Weapons
 a - a +0 war axe
 l - a +0 hand axe of electrocution (weapon)
 n - a +0 flail
Armour
 i - a +2 buckler (worn)
 o - a +0 chain mail (worn)
 p - a +2 pair of gloves (worn)
Jewellery
 g - an amulet of regeneration (around neck)
 j - a ring of fire
Wands
 k - a wand of flame (11)
Scrolls
 d - a scroll of teleportation
 h - 4 scrolls of identify
Potions
 b - a potion of haste {unknown}
 c - a potion of flight {unknown}
 e - 2 potions of heal wounds
 f - 3 potions of curing
 m - a potion of mutation {unknown}


   Skills:
 + Level 4.3 Fighting
 + Level 4.3 Axes
 + Level 5.0 Armour
 - Level 0.2 Dodging
 + Level 4.3 Shields
 * Level 2.1 Evocations


You had 6 spell levels left.
You didn't know any spells.
Your spell library was empty.

Dungeon Overview and Level Annotations

Branches:
Dungeon (5/15)
 Temple: D:4-7

Altars:
Ashenzari


Innate Abilities, Weirdness & Mutations

You are immune to sickness and miasma.
Your stone body is resilient. (AC +4)
You are immune to poison.
You resist negative energy. (rN+)
You are resistant to electric shocks. (rElec)
You are resistant to unholy torment.
You are immune to petrification.


Message History

You hit the orc but do no damage. Lightning courses through the orc!
You kill the orc!
No target in view!
No target in view!
No target in view!
You climb downwards.
The orc barely misses you.
The ogre hits you with a +0 giant spiked club!
The orc hits you but does no damage.
There is a stone staircase leading up here.
The orc closely misses you. The ogre hits you but does no damage.
You climb upwards.
There is a stone staircase leading down here.
Unknown command.
You hit the ogre.
The ogre is lightly wounded.
You hit the orc. You barely miss the orc. You block the orc's attack. x2
Unknown command.
You barely miss the ogre.
The ogre is lightly wounded.
You hit the orc. Lightning courses through the orc!
You kill the orc!
You hit the orc.
The ogre hits you with a +0 giant spiked club.
The orc hits you but does no damage.
Your Armour skill increases to level 5!
You barely miss the ogre.
The ogre is lightly wounded.
You hit the orc.
You kill the orc!
The ogre hits you but does no damage.
You hit the ogre. Lightning courses through the ogre!
The ogre is heavily wounded.
The ogre hits you with a +0 giant spiked club!!
You hit the ogre.
The ogre is severely wounded.
You block the ogre's attack.
You slash the ogre!
The ogre is almost dead.
The ogre hits you with a +0 giant spiked club!!
You die...

...#
#........#.#..)..+........#
..(#
#................#.........
####
#................#.........
#................#.........
#######...<.....#####'#..#.
#.........# #.####. ####
#.........# #.##... ...#
#..)O.....#####.##.## ##.#
###)@[.............## #†#
#############...... ##)###
#####.. ..[).# #.. ..[..#
#.. .....# #..
.....################# #..
##'#.........#.......# ###
#.#.........#.......#


You could see an ogre.

Vanquished Creatures
  Pargi (D:4)
  Blork the orc (D:4)
  A hound (D:3)
  A centaur skeleton (D:4)
  An iguana (D:4)
  Natasha (thrice) (D:3)
  An orc wizard (D:3)
  A hound skeleton (D:4)
  4 adders
  3 worms
  The ghost of blackman the Sneak, a weakling HuDe (D:2)
  3 dart slugs
  10 orcs
  2 endoplasms
  2 giant cockroaches
  8 goblins
  7 hobgoblins
  4 jackals (D:2)
  4 kobolds
  A quokka (D:3)
  2 ball pythons
  4 bats
  2 frilled lizards (D:3)
  5 rats
72 creatures vanquished.

Vanquished Creatures (others)
  2 plants (D:1)
2 creatures vanquished.

Grand Total: 74 creatures vanquished

Notes
Turn   | Place    | Note
-------+----------+-------------------------------------------
     0 | D:1      | bande the Gargoyle Fighter began the quest for the Orb.
     0 | D:1      | Reached XP level 1. HP: 14/14 MP: 1/1
   183 | D:1      | Reached XP level 2. HP: 19/19 MP: 2/2
   659 | D:2      | Reached XP level 3. HP: 16/23 MP: 3/3
  1542 | D:3      | Found a broken altar of Ashenzari.
  1576 | D:3      | Reached XP level 4. HP: 29/29 MP: 4/4
  1604 | D:3      | Found a runed translucent gate.
  1606 | D:3      | Found a runed translucent gate.
  1607 | D:3      | Found a runed translucent gate.
  1613 | D:3      | Noticed blackman's ghost (weakling HuDe)
  1902 | D:3      | Reached skill level 4 in Armour
  1902 | D:3      | Reached XP level 5. HP: 31/33 MP: 5/5
  2111 | D:4      | Noticed Pargi
  2111 | D:4      | Noticed Natasha
  2123 | D:3      | Killed Natasha
  2124 | D:3      | Reached skill level 1 in Evocations
  2296 | D:3      | Noticed Natasha
  2306 | D:3      | Killed Natasha
  2671 | D:3      | Noticed Natasha
  2681 | D:3      | Killed Natasha
  2721 | D:2      | Reached XP level 6. HP: 38/38 MP: 6/6
  3041 | D:2      | Killed blackman's ghost
  3146 | D:4      | Killed Pargi
  3379 | D:4      | Noticed Blork the orc
  3389 | D:4      | Killed Blork the orc
  3445 | D:4      | Reached XP level 7. HP: 43/43 MP: 7/7
  3905 | D:5      | Entered Level 5 of the Dungeon
  3920 | D:4      | Reached skill level 5 in Armour
  3923 | D:4      | Slain by an ogre

Illustrated notes

Levels and vault maps discovered:
D:1:      dpeg_arrival_connections, layout_basic, chequers_serial_rivers_room_a,
          serial_bayou_lake_a
D:2:      layout_rooms, kennysheep_minor_cross
D:3:      layout_rooms, ashenzari_altar_1, gammafunk_ghost_split
D:4:      layout_basic, minmay_fractal_squares_gapless_5, uniq_blork_the_orc,
          uniq_pargi, uniq_natasha
D:5:      layout_gridville, minmay_shop_damaged, uniq_grinder

Skill      XL: |  1  2  3  4  5  6  7 |
---------------+----------------------+-----
Axes           | 2 3 4 |  4.3
Armour         | 4 5 |  5.0
Evocations     | 1 2 |  2.1
Fighting       | 4 |  4.3
Shields        | 4 |  4.3
Dodging        | |  0.2

Action                   |  1- 3 |  4- 6 |  7- 9 || total
-------------------------+-------+-------+-------++-------
Melee: War axe           |   106 |   120 |       ||   226
       Hand axe          |       |    25 |    35 ||    60
  Use: Potion            |     4 |     1 |       ||     5
       Scroll            |     1 |     5 |       ||     6
Armor: Scale mail        |    81 |    99 |     4 ||   184
       Chain mail        |       |       |    11 ||    11
Dodge: Dodged            |    73 |    83 |    10 ||   166
Block: Buckler           |    26 |    60 |    10 ||    96

Table legend: (Time is in decaauts)
 A = Elapsed time spent in this place.
 B = Non-inter-level travel time spent in this place.
 C = Inter-level travel time spent in this place.
 D = Time resting spent in this place.
 E = Time spent auto-exploring this place.
 F = Levels seen in this place.
 G = Mean time per level.
                   A        B        C        D        E       F      G
               +--------+--------+--------+--------+--------+-----+--------+
         Total |   4062 |   3954 |    108 |    587 |   2204 |   5 |  812.4 |
       Dungeon |   4062 |   3954 |    108 |    587 |   2204 |   5 |  812.4 |
               +--------+--------+--------+--------+--------+-----+--------+

Top non-repeatable levels by time:
     D:3: 1286 daAuts
     D:2: 1258 daAuts
     D:4: 820 daAuts
     D:1: 693 daAuts
     D:5: 4 daAuts
